 Dungeon Crawl Stone Soup version 0.29-a0-359-g541a27f54d (webtiles) character file.

Game seed: 15259324989675114031

5346 jaega1 the Severer (level 10, -3/77 HPs)
             Began as a Hill Orc Fighter on Apr 27, 2022.
             Was a Follower of Uskayaw.
             Slain by a hornet (4 damage)
             ... on level 8 of the Dungeon.
             The game lasted 00:28:46 (10364 turns).

jaega1 the Severer (Hill Orc Fighter)              Turns: 10364, Time: 00:28:46

Health: -3/77      AC: 14    Str: 22    XL:     10   Next: 65%
Magic:  13/13      EV:  5    Int: 14    God:    Uskayaw [*.....]
Gold:   444        SH: 11    Dex: 12    Spells: 9/9 levels left

rFire   . . .      SeeInvis .   a - +0 war axe (vorpal)
rCold   . . .      Faith    .   m - +1 kite shield
rNeg    + . .      Spirit   .   q - +0 plate armour
rPois   .          Reflect  .   x - +0 helmet
rElec   .          Harm     .   (no cloak)
rCorr   .          Rampage  .   (no gloves)
Will    .....                   (no boots)
Stlth   ..........              (no amulet)
HPRegen 0.22/turn               f - +6 ring of intelligence
MPRegen 0.13/turn               e - ring of positive energy

@: slowed, very slow
A: no striking features
a: Renounce Religion, Stomp


You were on level 8 of the Dungeon.
You worshipped Uskayaw.
Uskayaw was noncommittal.
You visited 2 branches of the dungeon, and saw 9 of its levels.
You also visited: Bailey.

You collected 502 gold pieces.
You spent 58 gold pieces at shops.

Inventory:

Hand Weapons
 a - a +0 vorpal war axe (weapon)
Missiles
 i - 6 atropa-tipped darts (quivered)
Armour
 m - a +1 kite shield (worn)
 q - a +0 plate armour (worn)
 x - a +0 helmet (worn)
Jewellery
 e - a ring of positive energy (right hand)
 f - a +6 ring of intelligence (left hand)
 g - a +6 ring of intelligence
Wands
 d - a wand of mindburst (10)
 r - a wand of paralysis (1)
 C - a wand of iceblast (6)
Scrolls
 b - a scroll of immolation {unknown}
 p - 8 scrolls of teleportation
 s - 2 scrolls of brand weapon
 t - a scroll of fog
 u - 2 scrolls of magic mapping
 y - a scroll of amnesia
 B - 2 scrolls of torment {unknown}
 D - a scroll of summoning {unknown}
 F - a scroll of acquirement {unknown}
Potions
 h - 3 potions of invisibility {unknown}
 j - 3 potions of brilliance
 l - 2 potions of curing
 n - 4 potions of lignification
 o - 2 potions of flight
 v - a potion of berserk rage
 A - 3 potions of haste {unknown}
 E - a potion of magic


   Skills:
 - Level 3.6 Fighting
 - Level 0.2 Long Blades
 * Level 15.9 Axes
 - Level 6.1 Armour
 - Level 8.2 Shields
 - Level 0.1 Air Magic
 - Level 5.0 Invocations


You had 9 spell levels left.
You didn't know any spells.
Your spell library contained the following spells:

 Spells                   Type           Power      Damage    Failure   Level
 Freeze                   Ice            0%         1d3       100%        1
 Ensorcelled Hibernation  Hex/Ice        0%         N/A       100%        2
 Passwall                 Tmut/Erth      0%         N/A       100%        2
 Frozen Ramparts          Ice            0%         1d2       100%        3
 Gell's Gravitas          Tloc           0%         N/A       100%        3
 Inner Flame              Hex/Fire       0%         N/A       100%        3
 Lesser Beckoning         Tloc           0%         N/A       100%        3
 Swiftness                Air            0%         N/A       100%        3
 Teleport Other           Tloc           0%         N/A       100%        3
 Animate Dead             Necr           0%         N/A       100%        4
 Hailstorm                Conj/Ice       0%         3d3       100%        4
 Sticky Flame             Conj/Fire      0%         2d3       100%        4
 Borgnjor's Vile Clutch   Necr/Erth      0%         N/A       100%        5
 Death Channel            Necr           0%         N/A       100%        6
 Polar Vortex             Ice            0%         N/A       100%        9


Dungeon Overview and Level Annotations

Branches:
Dungeon (8/15)             Temple (1/1) D:7            Lair (0/6) D:8
 Bailey (visited)

Altars:
Ashenzari
Cheibriados
Dithmenos
Elyvilon
Fedhas
Gozag
Hepliaklqana
Kikubaaqudgha
Makhleb
Nemelex Xobeh
Okawaru
Qazlal
Ru
Sif Muna
Trog
Uskayaw
Vehumet
Wu Jian
Xom
Yredelemnul
Zin
The Shining One

Shops:
D:5 ?[?:   D:8 *


Message History

The hornet stings you.
You feel as though you will be slow longer.
You block the hornet's attack.
You barely miss the hornet.
The hornet is heavily wounded.
You feel sick. The hornet stings you.
You are more poisoned.
You feel as though you will be slow longer.
The hornet stings you but does no damage.
You hit the hornet but do no damage.
The hornet is heavily wounded.
You feel very sick. The hornet stings you!
You suddenly lose the ability to move!
The hornet stings you!
You feel as though you will be slow longer.
You feel very sick. The hornet stings you.
* * * LOW HITPOINT WARNING * * *
You feel as though you will be slow longer.
You feel very sick.
The hornet stings you but does no damage.
The hornet stings you!
* * * LOW HITPOINT WARNING * * *
You are more poisoned.
You feel as though you will be slow longer.
You can move again.
You feel better. You block the hornet's attack. The hornet stings you!
* * * LOW HITPOINT WARNING * * *
You are lethally poisoned!
You feel as though you will be slow longer.
Okay, then.
You feel better. The hornet stings you!
* * * LOW HITPOINT WARNING * * *
You feel as though you will be slow longer.
You block the hornet's attack.
Unknown command.
You hit the hornet but do no damage.
The hornet is heavily wounded.
The hornet stings you.
You die...

*,*****................#.......
*,* **....##....#.....#.......
*,* *...........#.....#.......
*,****...........###...........
*,,,,+...........'''.........##
******.......................##
*.......................''
*.......................##
*........@####............
****.........y.##<...........
*,,,...........###...........
*,,,.............#...........
*,,,.................).......
*,,,................)∩)....##
*,,,.................).......
*,,,......................?#.
*,,,......[..........#.....##


You could see a hornet.

Vanquished Creatures
  An ugly thing (D:7)
  6 slime creatures
  3 yaks (D:4)
  Menkaure (D:5)
  2 wargs (D:7)
  An acid dragon (D:8)
  A water moccasin (D:7)
  An ice beast (D:6)
  6 orc warriors
  2 black bears
  An ogre (D:5)
  2 centaurs
  2 phantoms (D:5)
  3 necrophages
  3 bullfrogs
  5 wights
  2 scorpions (D:5)
  2 howler monkeys
  3 hounds
  A gnoll shaman (D:7)
  2 jellies (D:5)
  5 orc priests
  5 iguanas
  4 orc wizards
  5 gnolls
  10 adders
  2 shadow imps
  A white imp (D:3)
  A worm (D:3)
  2 dart slugs
  19 orcs
  8 bats
  6 endoplasms
  6 giant cockroaches
  7 goblins
  13 hobgoblins
  3 jackals (D:1)
  20 kobolds
  5 quokkas
  8 ball pythons
  4 frilled lizards
  2 rats
186 creatures vanquished.

Notes
Turn   | Place    | Note
-------+----------+-------------------------------------------
     0 | D:1      | jaega1 the Hill Orc Fighter began the quest for the Orb.
     0 | D:1      | Reached XP level 1. HP: 19/19 MP: 1/1
    35 | D:1      | Reached skill level 3 in Axes
    64 | D:1      | Reached XP level 2. HP: 18/26 MP: 2/2
    72 | D:1      | Reached skill level 4 in Axes
   442 | D:1      | Reached XP level 3. HP: 31/31 MP: 3/3
   597 | D:1      | Reached skill level 5 in Axes
  1487 | D:2      | Reached XP level 4. HP: 35/39 MP: 4/4
  2023 | D:3      | Reached skill level 6 in Axes
  2180 | D:3      | Found a faded altar of an unknown god.
  2219 | D:3      | Reached XP level 5. HP: 44/45 MP: 5/5
  2521 | D:3      | Identified the +8 mace of Might {flame, Str-3 Dex+9}
  2730 | D:4      | Reached skill level 7 in Axes
  2738 | D:4      | Noticed a yak
  2746 | D:4      | Noticed a yak
  2750 | D:4      | Noticed a yak
  2763 | D:4      | Killed a yak
  2764 | D:4      | Reached skill level 8 in Axes
  2764 | D:4      | Reached XP level 6. HP: 21/51 MP: 6/6
  3035 | D:4      | Reached skill level 9 in Axes
  3227 | D:4      | Got the Reference Book on the Igneous Snowflakes
  3350 | D:5      | Entered Level 5 of the Dungeon
  3350 | D:5      | Found Nucseor's Antique Armour Emporium.
  3504 | D:5      | Reached XP level 7. HP: 52/57 MP: 7/7
  3637 | D:5      | Found Meulium's Book Shop.
  3643 | D:5      | Found Nockoepa's Magic Scroll Emporium.
  3673 | D:5      | Reached skill level 10 in Axes
  3858 | D:5      | Bought a scroll of magic mapping for 45 gold pieces
  4357 | D:5      | Reached skill level 11 in Axes
  4452 | D:5      | Reached XP level 8. HP: 57/64 MP: 8/8
  4518 | D:5      | Found Hufyziuq's Magic Scroll Shop.
  4540 | D:5      | Reached skill level 5 in Armour
  4543 | D:5      | Bought a scroll of noise for 13 gold pieces
  5483 | D:4      | Found a glowing golden altar of the Shining One.
  5793 | D:4      | Killed a yak
  5794 | D:4      | Reached skill level 5 in Shields
  5806 | D:4      | Killed a yak
  6302 | D:6      | Noticed Menkaure
  6321 | D:5      | Killed Menkaure
  6322 | D:5      | Reached XP level 9. HP: 30/70 MP: 9/9
  7256 | D:7      | Found a staircase to the Ecumenical Temple.
  7375 | Temple   | Entered the Ecumenical Temple
  7503 | Temple   | Became a worshipper of Uskayaw the Reveller
  7626 | D:7      | Reached * piety under Uskayaw
  7630 | D:7      | Reached ** piety under Uskayaw
  7631 | D:7      | Reached skill level 12 in Axes
  7645 | D:7      | Noticed a white ugly thing
  7651 | D:7      | Reached *** piety under Uskayaw
  7653 | D:7      | Reached **** piety under Uskayaw
  7654 | D:7      | Killed a white ugly thing
  7655 | D:7      | Reached skill level 13 in Axes
  8250 | D:8      | Reached skill level 14 in Axes
  8251 | D:8      | Reached XP level 10. HP: 60/77 MP: 10/10
  8298 | D:7      | Reached skill level 15 in Axes
  8298 | D:7      | Reached skill level 1 in Invocations
  8727 | D:8      | Found a flagged portal.
  8736 | Bailey   | Entered a bailey
  8759 | Bailey   | Noticed an orc warlord
  9249 | Bailey   | Found a runed translucent gate.
  9250 | Bailey   | Found a runed translucent gate.
  9255 | Bailey   | Found a runed translucent gate.
  9567 | D:8      | Found Heikec's General Store.
  9600 | D:8      | Found a staircase to the Lair.
  9605 | D:8      | Reached skill level 5 in Invocations
 10359 | D:8      | Paralysed by a hornet for 3 turns
 10363 | D:8      | HP: 1/77 [hornet (13)]
 10364 | D:8      | Slain by a hornet

Illustrated notes

Levels and vault maps discovered:
D:1:      tarquinn_simple_flora_water_f, layout_rooms
D:2:      layout_basic
D:3:      minmay_wonky_spiral, layout_basic, ebering_ecumenical_altar_webs,
          lemuel_flame_loot_1
D:4:      layout_basic, tso_altar, minivault_24
D:5:      layout_basic, serial_shops, nicolae_square_shop, shop, shop,
          nicolae_shop_waterfront, nrook_loot_triangle,
          chequers_serial_rivers_large_b, kennysheep_cluttered_room
D:6:      layout_rooms, uniq_menkaure
D:7:      layout_loops_ring, temple_pool_b, minivault_5, minmay_three_doors
D:8:      layout_basic, erik_lair_orcish_takeover, enter_bailey_2, serial_shops,
          nicolae_shop_hallway_stairs, nrook_campfire
Temple:   kilobyte_greek_temple

Skill      XL: |  1  2  3  4  5  6  7  8  9 10 |
---------------+-------------------------------+-----
Axes           | 3 4 5 6 8 9 11 14 15 | 15.9
Armour         | 4 6 |  6.1
Shields        | 7 8 |  8.2
Invocations    | 5 |  5.0
Fighting       | |  3.6
Long Blades    | |  0.2
Air Magic      | |  0.1

Action                   |  1- 3 |  4- 6 |  7- 9 | 10-12 || total
-------------------------+-------+-------+-------+-------++-------
Melee: War axe           |   110 |   120 |   226 |   176 ||   632
Invok: Stomp             |       |       |       |     2 ||     2
  Use: Scroll            |       |     8 |     6 |     4 ||    18
       Potion            |       |     2 |     1 |     3 ||     6
 Stab: Paralysed         |       |       |     5 |     6 ||    11
Armor: Scale mail        |    48 |    33 |       |       ||    81
       Plate armour      |       |    14 |   118 |    58 ||   190
Dodge: Dodged            |    59 |    47 |    41 |    29 ||   176
Block: Buckler           |    23 |    25 |    29 |       ||    77
       Kite shield       |       |       |    57 |    84 ||   141

Table legend: (Time is in decaauts)
 A = Elapsed time spent in this place.
 B = Non-inter-level travel time spent in this place.
 C = Inter-level travel time spent in this place.
 D = Time resting spent in this place.
 E = Time spent auto-exploring this place.
 F = Levels seen in this place.
 G = Mean time per level.
                   A        B        C        D        E       F      G
               +--------+--------+--------+--------+--------+-----+--------+
         Total |  10444 |   9961 |    483 |   3151 |   4539 |  10 | 1044.4 |
       Dungeon |   9688 |   9235 |    453 |   2847 |   4445 |   8 | 1211.0 |
        Temple |    170 |    140 |     30 |      0 |     94 |   1 |  170.0 |
        Bailey |    585 |    585 |      0 |    304 |      0 |   1 |  585.0 |
               +--------+--------+--------+--------+--------+-----+--------+

Top non-repeatable levels by time:
     D:5: 2094 daAuts
     D:7: 1980 daAuts
     D:4: 1533 daAuts
     D:3: 1107 daAuts
     D:2: 1056 daAuts
     D:1: 737 daAuts
     D:8: 639 daAuts
  Bailey: 585 daAuts
     D:6: 539 daAuts
  Temple: 170 daAuts
